cohdb
Replays
Latest Replays
All Replays
Popular Replays
Top Player Replays
Match Explorer
How It Works
Community
CoH3 Stats
Reddit
Sign in to upload your games and track your stats! →
Sign in with Steam
Match 43048196
Unlisted
Match 43048196
Overview
Messages
Build Orders
End
Construct Weapon Support Center
Selects Heavy Weapons
Scout Squad
M1919 Machine Gun Team
Bazooka Squad
M1919 Machine Gun Team
Infantry Support Center
Selects Assault Carriers
M3 Assault Carrier
M3 Assault Carrier
Bazooka Squad
Selects Exchangeable Parts
Sniper
Construct Tank Depot
Selects M2HB .50cal Heavy Machine Gun
Selects Gallant Stand
M4A1 Sherman Medium Tank
Construct Medical Station
Engineer Squad
woof_raff
Friendly Mouse(Poxie)
Kaedam
Wr3ck3d
0
0
Comments
sign in to comment!
No comments posted yet!